 Dungeon Crawl Stone Soup version 0.21-a0-140-g479285b (webtiles) character file.

846 Gorglomux the Fighter (level 8, -23/77 HPs)
             Began as a Hill Orc Ice Elementalist on July 20, 2017.
             Annihilated by an ogre
             ... wielding a +0 giant spiked club
              (28 damage)
             ... on level 5 of the Dungeon on July 21, 2017.
             The game lasted 00:18:14 (6914 turns).

Gorglomux the Fighter (Hill Orc Ice Elementalist)   Turns: 6914, Time: 00:18:14

Health: -23/77     AC:  3    Str: 13    XL:     8   Next: 0%
Magic:  7/10       EV: 12    Int: 19    God:
Gold:   189        SH:  0    Dex: 11    Spells: 7/10 levels left

rFire    . . .     SeeInvis .   a - +0 whip (elec)
rCold    . . .     Gourm    .   (no shield)
rNeg     . . .     Faith    .   Q - +0 robe
rPois    +         Spirit   .   (no helmet)
rElec    .         Reflect  .   (no cloak)
rCorr    .         Harm     .   V - +0 pair of gloves
MR       .....                  (no boots)
Stlth    ++........             (no amulet)
HPRegen  0.22/turn              o - ring of poison resistance
MPRegen  0.12/turn              K - +4 ring of intelligence

@: no status effects
A: no striking features
a: no special abilities


You were on level 5 of the Dungeon.
You were hungry.

You visited 1 branch of the dungeon, and saw 5 of its levels.

You collected 189 gold pieces.

Inventory:

Hand Weapons
 a - a +0 whip of electrocution (weapon)
 b - a +2 mace of draining
Missiles
 N - 4 poisoned javelins (quivered)
 Z - a throwing net
Armour
 Q - a +0 robe (worn)
 V - a +0 pair of gloves (worn)
 W - a +0 scale mail
Jewellery
 o - a ring of poison resistance (left hand)
 K - a +4 ring of intelligence (right hand)
Wands
 D - a wand of digging (7/24)
Scrolls
 A - a scroll of fear {unknown}
 J - a scroll of recharging {unknown}
 L - a scroll of enchant weapon {unknown}
 R - 2 scrolls of identify
 T - 2 scrolls of remove curse {unknown}
 Y - 2 scrolls of magic mapping {unknown}
Potions
 g - a potion of haste
 i - a potion of lignification
 O - a potion of heal wounds {unknown}
 S - a potion of flight {unknown}
 U - a potion of agility
 X - a potion of might {unknown}
Books
 M - a book of Frost

   Spells                             Type                      Level
   a - Freeze                         Ice                          1
   b - Throw Frost                    Conjuration/Ice              2
   c - Ozocubu's Armour               Charms/Ice                   3
   d - Throw Icicle                   Conjuration/Ice              4
   e - Summon Ice Beast               Ice/Summoning                4
Comestibles
 c - 2 bread rations
 d - 3 fruits
 z - a meat ration
 P - a royal jelly


   Skills:
 + Level 8.9 Fighting
 + Level 4.5 Armour
 - Level 1.5 Dodging
 - Level 1.5 Stealth
 - Level 1.5 Spellcasting
 - Level 1.0 Conjurations
 - Level 2.6 Ice Magic


You had 7 spell levels left.
You knew the following spells:

 Your Spells              Type           Power        Failure   Level  Hunger
a - Freeze                Ice            ##..         6%          1    ##.....
b - Throw Frost           Conj/Ice       #.....       13%         2    ###....


Dungeon Overview and Level Annotations

Branches:
Dungeon (5/15)
 Temple: D:4-7

Altars:
Ashenzari

Annotations:
D:5 exclusions: hippogriff and ogre


Message History

You butt the ogre, causing immense pain!
The ogre is severely wounded!
The ogre hits you with a giant spiked club!!!!!!
You barely miss the ogre!
The ogre butts severely wounded!
The ogre hits you with a giant spiked club!!! * * * don't die
* * * You punish the ogre, causing immense pain!
The ogre is almost dead!
The ogre hits you with a giant spiked club!!! * * * don't die
* * * You barely miss the ogre!
The ogre is almost dead!
You barely miss the ogre!
The ogre is almost dead!
The ogre barely misses you!
You punish the ogre but do no damage!
The ogre is butt dead!
The ogre hits you with a giant spiked club!!!!!! rip

#.# #.###.#.##..#
..# #.##....##..#
### .....#..##..# #
#.##...###..# #.
#.###.####..#
#.##...........#####
#.................#
#.####..#.#......#
#@......##.>....##
#O#####.#.#........
#.# #.##.(.....##
#.. #............
#.. #..#######.##
##. #..........# #
#..#########
#..........#
##.#######.#


You could see an ogre.

Vanquished Creatures
  An ogre (D:4)
  A gnoll sergeant (D:5)
  A scorpion (D:3)
  3 orc priests
  4 hounds
  A bullfrog skeleton (D:4)
  Ijyb (D:4)
  Terence (D:4)
  3 orc wizards
  2 worker ants (D:5)
  A hound skeleton (D:5)
  A worker ant zombie (D:5)
  8 gnolls
  4 adders
  A shadow imp (D:5)
  An adder skeleton (D:4)
  3 worms
  A dart slug (D:4)
  2 leopard geckos (D:5)
  8 orcs
  A ball python (D:1)
  5 giant cockroaches
  4 goblins
  5 hobgoblins
  7 jackals
  2 quokkas
  7 bats
  5 frilled lizards
  A jackal zombie (D:5)
  7 kobolds
  A quokka skeleton (D:4)
  5 rats
98 creatures vanquished.

Notes
Turn   | Place    | Note
-------+----------+-------------------------------------------
     0 | D:1      | Gorglomux the Hill Orc Ice Elementalist began the quest for the Orb.
     0 | D:1      | Reached XP level 1. HP: 14/14 MP: 3/3
    75 | D:1      | Reached skill level 1 in Fighting
   688 | D:1      | Reached XP level 2. HP: 24/24 MP: 0/4
   741 | D:1      | Reached skill level 2 in Fighting
  1426 | D:2      | Noticed Terence
  2259 | D:2      | Reached skill level 3 in Fighting
  2323 | D:2      | Reached XP level 3. HP: 24/31 MP: 3/5
  2973 | D:3      | Noticed a scorpion
  2984 | D:3      | Killed a scorpion
  2984 | D:3      | Reached skill level 4 in Fighting
  2984 | D:3      | Reached XP level 4. HP: 30/41 MP: 1/6
  3290 | D:3      | Reached skill level 5 in Fighting
  3316 | D:3      | Reached XP level 5. HP: 26/48 MP: 1/7
  3467 | D:3      | Found a shattered altar of Ashenzari.
  3761 | D:3      | Reached skill level 6 in Fighting
  3983 | D:3      | Learned a level 2 spell: Throw Frost
  4214 | D:4      | Noticed an ogre
  4219 | D:4      | Noticed Ijyb
  4316 | D:4      | Reached XP level 6. HP: 14/58 MP: 0/8
  4515 | D:3      | Reached skill level 7 in Fighting
  4726 | D:4      | Reached skill level 1 in Armour
  4816 | D:4      | Killed Ijyb
  5030 | D:4      | Reached XP level 7. HP: 40/67 MP: 1/9
  5209 | D:4      | Killed Terence
  5432 | D:5      | Entered Level 5 of the Dungeon
  5432 | D:5      | Noticed a hippogriff
  5670 | D:5      | Reached skill level 8 in Fighting
  5670 | D:5      | Reached skill level 3 in Armour
  6453 | D:5      | HP: 1/69 [gnoll sergeant/trident (3)]
  6505 | D:5      | HP: 1/103 [gnoll/whip of electrocution (17)]
  6879 | D:5      | Reached XP level 8. HP: 77/77 MP: 10/10
  6914 | D:5      | Annihilated by an ogre

Vault maps used:
D:1:      shiori_arrival_oz
D:2:      uniq_terence
D:3:      marbit_many_paths, first_bread, dk_noncrumbling_4,
          grunt_decor_one_mirror, grunt_ministairs_13
D:4:      uniq_ijyb

Skill      XL: |  1  2  3  4  5  6  7 |
---------------+----------------------+-----
Fighting       | 1 3 4 5 6 7 8 |  8.9
Armour         | 2 4 |  4.5
Dodging        | |  1.5
Stealth        | |  1.5
Spellcasting   | |  1.5
Conjurations   | |  1.0
Ice Magic      | |  2.6

Action                   |  1- 3 |  4- 6 |  7- 9 || total
-------------------------+-------+-------+-------++-------
Melee: Unarmed           |     4 |       |       ||     4
       Dagger            |    25 |   117 |       ||   142
       Mace              |       |     5 |    80 ||    85
       Whip              |       |       |    12 ||    12
Throw: Javelin           |       |     3 |     4 ||     7
 Cast: Freeze            |    57 |    76 |    38 ||   171
       Throw Frost       |       |    10 |    17 ||    27
  Use: Scroll            |     2 |     1 |       ||     3
       Potion            |       |     2 |     5 ||     7
 Stab: Sleeping          |     2 |     1 |       ||     3
  Eat: Chunk             |     8 |     9 |     8 ||    25
Armor: Robe              |    14 |    23 |    28 ||    65
       Skin              |       |    15 |    17 ||    32
Dodge: Dodged            |    43 |    89 |    84 ||   216
